 Dungeon Crawl Stone Soup version 0.29-a0-330-g52719c12eb (webtiles) character file.

Game seed: 1726817094709448113

4 lunkers the Sneak (level 1, -1/17 HPs)
             Began as a Vampire Delver on Apr 12, 2022.
             Was an Initiate of Ru.
             Slain by a kobold
             ... wielding a +0 short sword
              (5 damage)
             ... on level 6 of the Dungeon.
             The game lasted 00:02:45 (693 turns).

lunkers the Sneak (Vampire Delver)                   Turns: 693, Time: 00:02:46

Health: -1/17      AC:  5    Str: 11    XL:     1   Next: 58%
Magic:  1/1        EV: 12    Int: 12    God:    Ru [......]
Gold:   30         SH:  0    Dex: 15    Spells: 0/0 levels left

rFire   . . .      SeeInvis +   a - +0 short sword
rCold   . . .      Faith    .   (no shield)
rNeg    . . .      Spirit   .   b - +0 leather armour
rPois   .          Reflect  .   (no helmet)
rElec   .          Harm     .   (no cloak)
rCorr   .          Rampage  .   h - +1 pair of gloves
Will    .....                   (no boots)
Stlth   +++.......              (no amulet)
HPRegen 0.25/turn               (no ring)
MPRegen 0.07/turn               (no ring)

@: healing quickly
A: alive, fangs 3, see invisible, vampiric 1
a: Exsanguinate, Renounce Religion


You were on level 6 of the Dungeon.
You worshipped Ru.
Ru was noncommittal.
You visited 2 branches of the dungeon, and saw 5 of its levels.

You collected 30 gold pieces.

Inventory:

Hand Weapons
 a - a +0 short sword (weapon)
Armour
 b - a +0 leather armour (worn)
 h - a +1 pair of gloves (worn)
Wands
 g - a wand of digging (3)
Scrolls
 c - a scroll of fog
 d - a scroll of magic mapping
 i - a scroll of identify {unknown}
 j - a scroll of amnesia {unknown}


   Skills:
 - Level 2.6 Fighting
 + Level 2.4 Short Blades
 - Level 2.1 Dodging
 + Level 7.4 Stealth


You couldn't memorise any spells.
You didn't know any spells.
Your spell library was empty.

Dungeon Overview and Level Annotations

Branches:
Dungeon (5/15)             Temple (1/1) D:4

Altars:
Cheibriados
Dithmenos
Fedhas
Nemelex Xobeh
Ru
Uskayaw
Vehumet
Wu Jian
Yredelemnul
The Shining One

Annotations:
D:4 Sigmund
D:5 Edmund


Innate Abilities, Weirdness & Mutations

Your natural rate of healing is accelerated.
You have razor-sharp teeth.
You have supernaturally acute eyesight. (SInv)
You are afflicted with vampirism.


Message History

The kobold barely misses you.
You closely miss the kobold. You bite the kobold, but do no damage.
The kobold closely misses you. The kobold misses you.
The kobold hits you with a +0 short sword.
* * * LOW HITPOINT WARNING * * *
Hit: a) +0 short sword
Press: ? - help, Dir - move target, f - kobold
Aim: a kobold, wielding a +0 dagger (about 44% to evade your +0 short sword)
You hit the kobold but do no damage. You punch the kobold.
The kobold is severely wounded.
The kobold hits you but does no damage. The kobold hits you with a +0 dagger.
* * * LOW HITPOINT WARNING * * *
The kobold hits you but does no damage.
The orc complains repeatedly.
You barely miss the kobold. The kobold hits you with a +0 dagger.
* * * LOW HITPOINT WARNING * * *
The kobold closely misses you. The kobold hits you with a +0 dagger.
* * * LOW HITPOINT WARNING * * *
You hit the kobold. Your bite misses the kobold.
The kobold is severely wounded.
The kobold hits you but does no damage. The kobold completely misses you.
The kobold hits you but does no damage.
You closely miss the kobold.
The kobold is severely wounded.
The kobold barely misses you.
The kobold hits you with a +0 short sword.
* * * LOW HITPOINT WARNING * * *
You hit the kobold.
You kill the kobold!
The kobold barely misses you.
You closely miss the kobold.
The kobold is moderately wounded.
The kobold closely misses you.
The kobold brigand hits you with a +0 short sword.
* * * LOW HITPOINT WARNING * * *
You barely miss the kobold.
The kobold is moderately wounded.
The kobold hits you but does no damage.
The kobold hits you with a +0 short sword.
You die...

....#....##
..#.##....####
#..#.....#.#
#.........##
............##
.####.....#..#
#.....##.#
#[..######
#K@K#
#....oKK##
#.....K##
#......
.......
.......
.......
.......


You could see a kobold brigand, an orc and 4 kobolds.

Vanquished Creatures
  An endoplasm (D:4)
  A goblin (D:4)
  2 kobolds (D:6)
4 creatures vanquished.

Notes
Turn   | Place    | Note
-------+----------+-------------------------------------------
     0 | D:5      | lunkers the Vampire Delver began the quest for the Orb.
     0 | D:5      | Reached XP level 1. HP: 17/17 MP: 1/1
    85 | D:5      | Noticed Edmund
   218 | D:4      | Found a staircase to the Ecumenical Temple.
   226 | D:4      | Noticed Sigmund
   228 | Temple   | Entered the Ecumenical Temple
   427 | Temple   | Became a worshipper of Ru the Awakened
   532 | D:4      | Noticed a black bear
   533 | D:4      | Noticed an iguana
   572 | D:3      | You fall into a shaft and drop 3 floors!
   679 | D:6      | Noticed a kobold brigand
   693 | D:6      | Slain by a kobold

Illustrated notes

Levels and vault maps discovered:
D:3:      layout_basic, mainiacjoe_overflow_alcove_2
D:4:      layout_layer_cave, mainiacjoe_overflow_24_doors,
          okawaru_metal_pillars_1_2, mainiacjoe_overflow_two_lobes,
          minmay_temple_entry_grid, uniq_sigmund, uniq_blork_the_orc
D:5:      layout_layer_cave, evilmike_ruin_ashenzari, marbit_many_paths,
          minmay_crystal_room, uniq_edmund, uniq_duvessa
D:6:      layout_layer_cave, nicolae_ossuary_entry_plus, serial_undead,
          serial_undead_c, serial_undead_d, serial_undead_d, serial_undead_d,
          grunt_ministairs_15, kennysheep_windowed_goal, uniq_eustachio
Temple:   dpeg_chambers_temple

Action                   || total
-------------------------++-------
Melee: Short sword       ||    18
       Punch             ||     2
       Bite              ||     1
  Use: Scroll            ||     1
       Potion            ||     1
 Stab: Sleeping          ||     1
Armor: Leather armour    ||    16
Dodge: Dodged            ||    21

Table legend: (Time is in decaauts)
 A = Elapsed time spent in this place.
 B = Non-inter-level travel time spent in this place.
 C = Inter-level travel time spent in this place.
 D = Time resting spent in this place.
 E = Time spent auto-exploring this place.
 F = Levels seen in this place.
 G = Mean time per level.
                   A        B        C        D        E       F      G
               +--------+--------+--------+--------+--------+-----+--------+
         Total |    679 |    665 |     14 |     17 |    410 |   5 |  135.8 |
       Dungeon |    466 |    465 |      1 |     17 |    223 |   4 |  116.5 |
        Temple |    212 |    199 |     13 |      0 |    187 |   1 |  212.0 |
               +--------+--------+--------+--------+--------+-----+--------+

Top non-repeatable levels by time:
  Temple: 212 daAuts
     D:5: 212 daAuts
     D:4: 135 daAuts
     D:6: 109 daAuts
     D:3: 10 daAuts
